 Dungeon Crawl Stone Soup version 0.28.0-53-g5a82cb258f (webtiles) character file.

Game seed: 17417723941126722900

115 LynnLen the Sneak (level 4, -2/30 HPs)
             Began as a Vampire Enchanter on Aug 3, 2022.
             Was an Initiate of Yredelemnul.
             Killed by divine providence
             ... invoked by an orc priest
              (14 damage)
             ... on level 3 of the Dungeon.
             The game lasted 00:08:41 (2716 turns).

LynnLen the Sneak (Vampire Enchanter)               Turns: 2716, Time: 00:08:42

Health: -2/30      AC: 10    Str:  7    XL:     4   Next: 68%
Magic:  7/7        EV: 13    Int: 17    God:    Yredelemnul [......]
Gold:   62         SH:  0    Dex: 16    Spells: 1/7 levels left

rFire   . . .      SeeInvis +   f - +1 dagger (protect)
rCold   . . .      Faith    .   (no shield)
rNeg    . . .      Spirit   .   b - +1 robe
rPois   .          Reflect  .   (no helmet)
rElec   .          Harm     .   (no cloak)
rCorr   .          Rampage  .   (no gloves)
Will    .....                   (no boots)
Stlth   +++.......              (no amulet)
HPRegen 0.30/turn               (no ring)
MPRegen 0.10/turn               (no ring)

@: under a protective aura, healing quickly
A: alive, fangs 3, see invisible, vampiric 2
a: Exsanguinate, Renounce Religion, Recall Undead Harvest


You were on level 3 of the Dungeon.
You worshipped Yredelemnul.
Yredelemnul was noncommittal.
You visited 1 branch of the dungeon, and saw 3 of its levels.

You collected 62 gold pieces.

Inventory:

Hand Weapons
 a - a +1 dagger
 f - a +1 dagger of protection (weapon)
 j - a +0 hunting sling
Missiles
 e - 3 boomerangs of dispersal
 h - 66 stones (quivered)
 i - 2 poisoned darts
 o - 18 sling bullets
Armour
 b - a +1 robe (worn)
Scrolls
 d - a scroll of blinking
Potions
 c - a potion of invisibility
 g - a potion of mutation {unknown}
 k - a potion of magic
 l - a potion of heal wounds
 m - a potion of haste {unknown}
 n - a potion of curing {unknown}


   Skills:
 * Level 3.3 Short Blades
 + Level 3.0 Dodging
 + Level 6.2 Stealth
 - Level 2.0 Spellcasting
 - Level 4.4 Hexes


You had one spell level left.
You knew the following spells:

 Your Spells              Type           Power      Damage    Failure   Level
a - Confusing Touch       Hex            16%        N/A       10%         3
b - Tukima's Dance        Hex            16%        N/A       10%         3

Your spell library contained the following spells:

 Spells                   Type           Power      Damage    Failure   Level
 Ensorcelled Hibernation  Hex/Ice        18%        N/A       12%         2
 Dazzling Flash           Conj/Hex       18%        N/A       24%         3
 Gell's Gravitas          Tloc           1%         N/A       50%         3
 Teleport Other           Tloc           1%         N/A       50%         3
 Silence                  Hex/Air        4%         N/A       91%         5
 Agony                    Necr           1%         N/A       99%         5
 Dispersal                Tloc           0%         N/A       100%        6


Dungeon Overview and Level Annotations

Branches:
Dungeon (3/15)

Altars:
Yredelemnul

Annotations:
D:3 Natasha, Robin


Innate Abilities, Weirdness & Mutations

Your natural rate of healing is accelerated.
You have razor-sharp teeth.
You have supernaturally acute eyesight. (SInv)
You are afflicted with vampirism and can become a bat while bloodless.


Message History

The bat closely misses you. The bat hits you but does no damage.
You hit the orc wizard.
The orc wizard is lightly wounded.
The bat hits you but does no damage. The orc wizard closely misses you.
The bat hits you but does no damage.
You swap places.
The bat hits your orc zombie. The bat hits you but does no damage.
Your orc zombie hits the bat.
The bat hits your orc zombie.
The orc wizard hits your orc zombie with a +0 dagger.
You see here a +0 club.
The bat hits something.
Items here: ))))).
You see here a +0 dagger.
Items here: ( ))) [[.
Items here: ( ))) [[.
You closely miss the orc priest. You bite the orc priest.
The orc priest is moderately wounded.
The orc priest hits you but does no damage.
You hit the orc priest.
Your weapon exudes an aura of protection.
The orc priest is moderately wounded.
You hit the orc priest.
The orc priest is heavily wounded.
The orc priest mumbles some strange prayers to Beogh against you.
Beogh smites you!
You hit the orc priest.
The orc priest is heavily wounded.
The orc priest completely misses you.
You closely miss the orc priest.
The orc priest is heavily wounded.
The orc priest mumbles some strange prayers to Beogh against you.
Beogh smites you!
You hit the orc priest but do no damage.
You bite the orc priest.
The orc priest is almost dead.
The orc priest invokes the aid of Beogh against you.
Beogh smites you!
You die...
Yredelemnul claims you as an undead slave.

#Z.# #....#.#
.#.# ##.#
#..#.#. .. #
#.## ..... ..
#..# #.#.#.#
##.###.#.#.#.#
#...#...#.#.# .
###....##.#.##..
#...###.......
#.#@##........
###o#.o.......
#####o#Z.>.)....
#....b).........
#.....).........
#.......b......h
#......#........
#......##.....#.
#......# ...###


You could see an orc priest, an orc wizard (invisible) and a bat.

Vanquished Creatures
  Jessica (D:2)
  Terence (D:2)
  2 worms
  3 dart slugs (D:1)
  6 orcs (D:3)
  6 ball pythons
  3 bats
  2 endoplasms
  2 giant cockroaches (D:3)
  10 goblins
  A hobgoblin (D:2)
  3 kobolds
  A quokka (D:1)
  2 frilled lizards (D:2)
  3 rats (D:1)
46 creatures vanquished.

Vanquished Creatures (collateral kills)
  A goblin (D:3)
1 creature vanquished.

Vanquished Creatures (others)
  A ball python zombie (D:3)
  2 giant cockroach zombies (D:3)
  3 goblin zombies (D:3)
  A kobold zombie (D:3)
  4 orc zombies (D:3)
11 creatures vanquished.

Grand Total: 58 creatures vanquished

Notes
Turn   | Place    | Note
-------+----------+-------------------------------------------
     0 | D:1      | LynnLen the Vampire Enchanter began the quest for the Orb.
     0 | D:1      | Reached XP level 1. HP: 13/13 MP: 3/3
   214 | D:1      | Reached XP level 2. HP: 19/19 MP: 5/5
   223 | D:1      | Reached skill level 5 in Stealth
   433 | D:1      | Found a faded altar of an unknown god.
  1258 | D:2      | Gained mutation: You are afflicted with vampirism and can
                  | become a bat while bloodless. [Vampire growth]
  1258 | D:2      | Reached XP level 3. HP: 4/24 MP: 6/6
  1336 | D:2      | Learned a level 3 spell: Confusing Touch
  1340 | D:2      | Learned a level 3 spell: Tukima's Dance
  1569 | D:2      | Noticed Terence
  1583 | D:2      | Killed Terence
  1867 | D:2      | Found a basalt altar of Yredelemnul.
  1953 | D:2      | Became a worshipper of Yredelemnul the Dark
  2002 | D:2      | Noticed Jessica
  2030 | D:2      | Killed Jessica
  2031 | D:2      | Reached skill level 6 in Stealth
  2031 | D:2      | Reached XP level 4. HP: 13/30 MP: 7/7
  2460 | D:3      | Noticed Robin
  2461 | D:3      | Noticed Natasha
  2465 | D:3      | Reached * piety under Yredelemnul
  2716 | D:3      | Killed from afar by an orc priest

Illustrated notes

Levels and vault maps discovered:
D:1:      dpeg_arrival_tiny_d, layout_loops_ring,
          hellmonk_ecumenical_altar_zigzags, serial_bayou_pond_a
D:2:      layout_basic, basic_altar, uniq_jessica, uniq_terence
D:3:      layout_rooms, uniq_natasha, uniq_robin, uniq_crazy_yiuf_cottage

Skill      XL: |  1  2  3 |
---------------+----------+-----
Stealth        | 5 6 |  6.2
Short Blades   | 2 3 |  3.3
Dodging        | 3 |  3.0
Spellcasting   | |  2.0
Hexes          | |  4.4

Action                   |  1- 3 |  4- 6 || total
-------------------------+-------+-------++-------
Melee: Dagger            |   117 |   119 ||   236
       Bite              |     6 |    22 ||    28
       Punch             |     1 |     1 ||     2
 Cast: Confusing Touch   |     2 |       ||     2
  Use: Scroll            |     2 |     2 ||     4
       Potion            |       |     2 ||     2
 Stab: Sleeping          |     8 |     1 ||     9
       Confused          |     3 |       ||     3
       Distracted        |       |     1 ||     1
Armor: Robe              |    26 |    49 ||    75
Dodge: Dodged            |    64 |    68 ||   132
